[Event "ICC tourney 2171 (3 2)"]
[Site "Internet Chess Club"]
[Date "2020.12.04"]
[Round "7"]
[White "ConnorGo"]
[Black "Averyyu321"]
[Result "1-0"]
[ICCResult "Black forfeits on time"]
[WhiteElo "1300"]
[BlackElo "1365"]
[Opening "Sicilian: Canal-Sokolsky (Nimzovich-Rossolimo, Moscow) attack"]
[ECO "B51"]
[NIC "SI.01"]
[Time "23:47:35"]
[TimeControl "180+2"]

1. e4 c5 2. Nf3 d6 3. Bb5+ Nd7 4. O-O a6 5. Bc4 Ngf6 6. Nc3 b5 7. Be2 g6 8.
d4 Qc7 9. d5 Bg7 10. a3 Bb7 11. Be3 O-O 12. Rb1 Rac8 13. Qd2 c4 14. h3 Nc5
15. Bh6 Ncxe4 16. Nxe4 Nxe4 17. Qe3 Bxd5 18. Bxg7 Kxg7 19. Qd4+ Nf6 20. Ng5
c3 21. b4 Be6 22. Bd3 h6 23. Nxe6+ fxe6 24. Rbe1 e5 25. Qe3 Nd5 26. Qg3 Nf4
27. Re4 Nxd3 28. Qxd3 Rf5 29. Qg3 Rg5 30. Qe3 Qd7 31. h4 Rg4 32. Rxg4 Qxg4
33. g3 Rc4 34. Qa7 Qe6 35. Qxa6 Qd7 36. Qa8 g5 37. Qd5 gxh4 38. Re1 hxg3 39.
fxg3 Qg4 40. Re3 h5 41. Qb7 Kf7 42. Qxb5 Re4 43. Qd5+ e6 44. Qb7+
{Black forfeits on time}
1-0

[Event "ICC tourney 2171 (3 2)"]
[Site "Internet Chess Club"]
[Date "2020.12.04"]
[Round "7"]
[White "python0812"]
[Black "JohnnyHop98"]
[Result "0-1"]
[ICCResult "White resigns"]
[WhiteElo "1528"]
[BlackElo "1759"]
[Opening "Caro-Kann: Hillbilly attack"]
[ECO "B10"]
[NIC "CK.01"]
[Time "23:47:33"]
[TimeControl "180+2"]

1. e4 c6 2. Bc4 d5 3. Bb3 e6 4. exd5 exd5 5. Nf3 Bd6 6. O-O Ne7 7. c3 Bf5 8.
d4 O-O 9. Bg5 Qc7 10. Bc2 Bxc2 11. Qxc2 Ng6 12. Nbd2 Nd7 13. c4 dxc4 14.
Nxc4 Bf4 15. Bxf4 Qxf4 16. Rad1 Nf6 17. Nce5 Nh4 18. Nxh4 Qxh4 19. Qb3 Rab8
20. Rd3 Qe4 21. Rfd1 Qd5 22. Qa3 a6 23. Qc5 Rfe8 24. Nc4 Rbd8 25. f3 h6 26.
b3 Re6 27. Nb6 Qxc5 28. dxc5 Rxd3 29. Rxd3 Re5 30. Rd8+ Kh7 31. Rb8 Rxc5 32.
Rxb7 Rc1+ 33. Kf2 Rc2+ 34. Kg3 Rxa2 35. Rxf7 Nh5+ 36. Kh3 Kg6 37. Rf8 Rb2
38. g4 Nf6 39. Rc8 Rxb3 40. Rxc6 Rxf3+ 41. Kg2 Rd3 42. Nc4 Rd4 43. Ne5+ Kh7
44. Rxa6 Nxg4 45. Nxg4 Rxg4+ 46. Kf3 Rg6 47. Ra7 Rf6+ 48. Kg4 Kg6 49. h4 Rd6
50. Ra4 h5+ 51. Kg3 Rd3+ 52. Kf4 Kh6 53. Kf5 Rf3+ 54. Ke4 Rg3 55. Kf5 g6+
56. Kf6 Rg4 57. Ra8 Rf4+ 58. Ke5 Rxh4 59. Kf6 Rf4+ 60. Ke5 Rf5+ 61. Ke4 Kg5
62. Ra1 h4 63. Rg1+ Kh5 64. Ke3 g5 65. Ke4 Rf8 66. Ke3 h3 67. Rh1 Kh4 68.
Ke2 g4 69. Ke3 g3 70. Ra1 h2 71. Ra7 g2 72. Rh7+ Kg5 73. Rxh2 g1=Q+
{White resigns}
0-1

[Event "ICC tourney 2171 (3 2)"]
[Site "Internet Chess Club"]
[Date "2020.12.04"]
[Round "7"]
[White "needGodcom"]
[Black "Sricharan07"]
[Result "1/2-1/2"]
[ICCResult "Game drawn because neither player has mating material"]
[WhiteElo "1641"]
[BlackElo "1542"]
[Opening "French: Two knights variation"]
[ECO "C00"]
[NIC "FR.01"]
[Time "23:48:17"]
[TimeControl "180+2"]

1. e4 e6 2. Nc3 d5 3. Nf3 Nf6 4. e5 Nfd7 5. d4 c5 6. dxc5 Nc6 7. Bf4 Bxc5 8.
Qd2 O-O 9. Bd3 Bb4 10. a3 Be7 11. h4 f5 12. exf6 Nxf6 13. h5 Bd6 14. h6 g6
15. Bg5 Be7 16. O-O-O e5 17. Nh4 e4 18. Bb5 Bg4 19. f3 exf3 20. gxf3 Be6 21.
Rhe1 Bf7 22. f4 a6 23. Ba4 b5 24. Bb3 d4 25. Bxf7+ Rxf7 26. Ne4 Nxe4 27.
Rxe4 Bxg5 28. fxg5 Qd5 29. Rde1 Raf8 30. Kb1 Rf2 31. R4e2 R2f4 32. Ng2 R4f5
33. Re8 Qf7 34. R8e6 Rf2 35. Qd3 Na5 36. R6e2 Rxe2 37. Qxe2 Nc4 38. Rd1 Re8
39. Qd3 Ne3 40. Nxe3 dxe3 41. Re1 e2 42. b3 Qe6 43. Qd4 Qe5 44. Qxe5 Rxe5
45. Kc1 Rxg5 46. Rxe2 Rg1+ 47. Kb2 Kf7 48. Rd2 Ke7 49. Re2+ Kf7 50. Rf2+ Ke7
51. c4 bxc4 52. bxc4 Rg3 53. Rc2 Kd6 54. c5+ Kc6 55. a4 Rg5 56. Re2 Rh5 57.
Re6+ Kxc5 58. Rxa6 Rxh6 59. Ra8 Rh2+ 60. Kb3 Rh3+ 61. Kc2 Ra3 62. Kb2 Rh3
63. a5 Rh2+ 64. Kb3 Rh3+ 65. Ka4 Rh4+ 66. Kb3 Rb4+ 67. Kc3 Ra4 68. Ra7 h5
69. Ra6 Kb5 70. Rxg6 Rxa5 71. Rg5+ Kb6 72. Rxa5 Kxa5 73. Kd4 Kb4 74. Ke3 Kc4
75. Kf4 Kd4 76. Kg5 Ke4 77. Kxh5
{Game drawn because neither player has mating material}
1/2-1/2

[Event "ICC tourney 2171 (3 2)"]
[Site "Internet Chess Club"]
[Date "2020.12.04"]
[Round "8"]
[White "javasri"]
[Black "python0812"]
[Result "0-1"]
[ICCResult "White resigns"]
[WhiteElo "1653"]
[BlackElo "1550"]
[Opening "Sicilian: dragon, Yugoslav attack"]
[ECO "B75"]
[NIC "SI.17"]
[Time "23:59:17"]
[TimeControl "180+2"]

1. e4 c5 2. Nf3 d6 3. d4 cxd4 4. Nxd4 Nf6 5. Nc3 g6 6. Be3 Bg7 7. f3 a6 8.
Qd2 h5 9. O-O-O b5 10. a3 Bb7 11. Kb1 Nbd7 12. Be2 Rc8 13. h3 Ne5 14. g4 Nc4
15. Bg5 Nxd2+ {White resigns} 0-1

[Event "ICC tourney 2171 (3 2)"]
[Site "Internet Chess Club"]
[Date "2020.12.04"]
[Round "8"]
[White "yogokings12"]
[Black "TheChessShark"]
[Result "0-1"]
[ICCResult "White resigns"]
[WhiteElo "1505"]
[BlackElo "1413"]
[Opening "KGA: bishop's gambit"]
[ECO "C33"]
[NIC "KG.03"]
[Time "23:59:11"]
[TimeControl "180+2"]

1. e4 e5 2. f4 exf4 3. Bc4 Qh4+ 4. Kf1 d5 5. exd5 Bc5 6. d4 Bd6 7. Nf3 Qh5
8. Bb3 Bg4 9. Nbd2 Nd7 10. Qe1+ Ne7 11. c4 Bb4 12. Qe4 O-O-O 13. a3 Bxd2 14.
Bxd2 Bxf3 15. Qxf3 Qxf3+ 16. gxf3 g5 17. h4 f6 18. Kf2 Nf5 19. Bc3 Nxh4 20.
Bc2 Rde8 21. Rae1 Kd8 22. b4 Rxe1 23. Rxe1 Re8 24. Rxe8+ Kxe8 25. Bxh7 f5
26. c5 Nf6 27. Bxf5 Nxf5 28. d6 cxd6 29. cxd6 Nxd6 30. d5 Nxd5 31. Be5 Nf5
{White resigns}
0-1

[Event "ICC tourney 2171 (3 2)"]
[Site "Internet Chess Club"]
[Date "2020.12.04"]
[Round "8"]
[White "Goran21"]
[Black "DFKnights"]
[Result "1-0"]
[ICCResult "Black resigns"]
[WhiteElo "1823"]
[BlackElo "1652"]
[Opening "Robatsch (modern) defense"]
[ECO "B07"]
[NIC "VO.17"]
[Time "23:59:20"]
[TimeControl "180+2"]

1. e4 d6 2. d4 g6 3. Nc3 Bg7 4. Bc4 Nf6 5. Qe2 O-O 6. e5 Ne8 7. h4 h5 8. e6
f5 9. Nf3 Nf6 10. Ng5 d5 11. Nf7 Rxf7 12. exf7+ Kxf7 13. Bb3 c6 14. Bg5 Nbd7
15. O-O-O Nf8 16. Rhe1 Bd7 17. Bxf6 Bxf6 18. Kb1 e6 19. g3 Qb6 20. Na4 Qa5
21. Nc5 Bc8 22. c3 b6 23. Nd3 Ba6 24. Ne5+ Kg7 25. Qe3 Re8 26. Nxc6 Qb5 27.
Ne5 Re7 28. f3 Qe8 29. g4 Bxh4 30. gxh5 Bxe1 31. h6+ Kh7 32. Rxe1 Nd7 33. f4
Nf6 34. Bc2 Nh5 35. Rg1 Kxh6 36. Rxg6+ Qxg6 37. Nxg6 Kxg6 38. Bxf5+ Kxf5 39.
Qe5+ Kg6 40. Qg5+ Kf7 41. Qxh5+ Kf8 42. Qh8+ Kf7 43. Qh7+ Ke8 44. Qg6+ Kd7
45. Kc2 Be2 46. f5 Bf3 47. fxe6+ Kc6 48. Kd2 Be4 49. Qf6 Kd6 50. Qe5+ Kc6
51. c4 Bg2 52. Qg5 Rxe6 53. Qxg2 Rd6 54. cxd5+ Kb5 55. Kd3 a5 56. Qc2 Ka6
57. Qc8+ Ka7 58. Qc7+ {Black resigns} 1-0

[Event "ICC tourney 2171 (3 2)"]
[Site "Internet Chess Club"]
[Date "2020.12.04"]
[Round "8"]
[White "PearsonH"]
[Black "ConnorGo"]
[Result "1-0"]
[ICCResult "Black resigns"]
[WhiteElo "1412"]
[BlackElo "1288"]
[Opening "Robatsch (modern) defense"]
[ECO "A40"]
[NIC "KF.05"]
[Time "23:59:08"]
[TimeControl "180+2"]

1. d4 g6 2. e4 Bg7 3. Bf4 d6 4. Nc3 Nd7 5. Qd2 b6 6. f3 Bb7 7. Bc4 c5 8.
Nge2 cxd4 9. Nb5 e5 10. Nxd6+ Kf8 11. Nxb7 Qc7 12. Qb4+ Nc5 13. Nxc5 bxc5
14. Qd2 Rb8 15. Bg3 Rxb2 16. O-O Rb6 17. Rab1 Bh6 18. Qd3 Be3+ 19. Bf2 Bxf2+
20. Kxf2 Rxb1 21. Rxb1 Ne7 22. Qb3 Kg7 23. Bxf7 Rf8 24. Bc4 Qd6 25. Kg1 Kh6
26. Qb7 Qf6 27. Ng3 Kg5 28. Qxa7 h5 29. Qa5 h4 30. Qd2+ Qf4 31. Qxf4+ exf4
32. Ne2 Nc6 33. Rb5 Ne5 34. Rxc5 Re8 35. Nxd4 Kh6 36. Nc6 Nd7 37. Rb5 Rc8
38. Bd5 Nf6 39. a4 Nxd5 40. exd5 Re8 41. Kf2 g5 42. a5 g4 43. fxg4 Re4 44.
a6 Kg5 45. a7 Kxg4 46. a8=Q h3 47. Qg8+ Kh4 48. Qh7+ Kg4 49. Qxe4
{Black resigns}
1-0

[Event "ICC tourney 2171 (3 2)"]
[Site "Internet Chess Club"]
[Date "2020.12.04"]
[Round "8"]
[White "wildrumpus"]
[Black "Hamlett144"]
[Result "1-0"]
[ICCResult "Black resigns"]
[WhiteElo "1372"]
[BlackElo "1163"]
[Opening "Dutch"]
[ECO "A80"]
[NIC "HD.12"]
[Time "23:59:58"]
[TimeControl "180+2"]

1. d4 f5 2. Nf3 Nf6 3. e3 e6 4. Be2 Be7 5. O-O b6 6. b3 Bb7 7. Bb2 g5 8. c4
g4 9. Ne5 h5 10. Ng6 Rh6 11. Nxe7 Kxe7 12. Nc3 h4 13. Qd2 Qg8 14. e4 Bxe4
15. Qxh6 Nc6 16. Qxh4 Nxd4 17. Rfe1 Nc2 18. Nxe4 Nxa1 19. Qxf6+ Ke8 20. Bxa1
d5 21. cxd5 exd5 22. Bb5+ {Black resigns} 1-0

[Event "ICC tourney 2171 (3 2)"]
[Site "Internet Chess Club"]
[Date "2020.12.04"]
[Round "8"]
[White "JohnnyHop98"]
[Black "jy2020"]
[Result "1-0"]
[ICCResult "Black checkmated"]
[WhiteElo "1779"]
[BlackElo "1827"]
[Opening "Queen's pawn game"]
[ECO "D00"]
[NIC "QP.07"]
[Time "23:59:03"]
[TimeControl "180+2"]

1. d4 Nf6 2. Nc3 d5 3. Bf4 e6 4. Nb5 Na6 5. a3 c6 6. Nc3 Bd6 7. e3 Nc7 8.
Nf3 O-O 9. Ne5 Nce8 10. g4 Be7 11. Bd3 Nd6 12. Qf3 Nd7 13. Qh3 g6 14. Qg3
Nb6 15. h4 f6 16. Nf3 Ne8 17. g5 Ng7 18. gxf6 Bxf6 19. h5 Nd7 20. hxg6 h5
21. O-O-O Re8 22. Bh6 Nf8 23. Bxg7 Bxg7 24. Rxh5 Qf6 25. Ne5 Bd7 26. Rdh1 c5
27. Ng4 Qe7 28. Nh6+ Bxh6 29. Rxh6 Qf6 30. Qh2 c4 31. Rh8+ Kg7 32. Qh6#
{Black checkmated}
1-0

[Event "ICC tourney 2171 (3 2)"]
[Site "Internet Chess Club"]
[Date "2020.12.04"]
[Round "8"]
[White "Averyyu321"]
[Black "pmchess98"]
[Result "1-0"]
[ICCResult "Black checkmated"]
[WhiteElo "1407"]
[BlackElo "1404"]
[Opening "KP: Nimzovich defense"]
[ECO "B00"]
[NIC "VO.04"]
[Time "23:59:08"]
[TimeControl "180+2"]

1. e4 Nc6 2. d4 e5 3. d5 Nce7 4. Nc3 Ng6 5. Nf3 Nf6 6. Bg5 Bb4 7. Bd3 Bxc3+
8. bxc3 O-O 9. O-O h6 10. Be3 d6 11. c4 b6 12. h3 Nf4 13. Qd2 N6h5 14. Kh2
f5 15. exf5 Bxf5 16. Bxf5 Rxf5 17. g4 e4 18. gxf5 exf3 19. Bxf4 Qh4 20. Bg3
Qxc4 21. Qe3 Qxd5 22. Rfd1 Qxf5 23. Rd3 Rf8 24. Rad1 g5 25. Rd5 Qxc2 26. Rc1
Qxa2 27. Qe6+ Kg7 28. Rxg5+ hxg5 29. Qxa2 Nxg3 30. Kxg3 Rf7 31. Qxa7 b5 32.
Rxc7 b4 33. Rxf7+ Kg6 34. Rg7+ Kh5 35. Rh7+ Kg6 36. Qf7# {Black checkmated}
1-0

[Event "ICC tourney 2171 (3 2)"]
[Site "Internet Chess Club"]
[Date "2020.12.04"]
[Round "8"]
[White "cjcardoso"]
[Black "akshajp"]
[Result "0-1"]
[ICCResult "White checkmated"]
[WhiteElo "1395"]
[BlackElo "1227"]
[Opening "Sicilian: Canal-Sokolsky attack, 3...Bd7"]
[ECO "B52"]
[NIC "SI.01"]
[Time "23:59:16"]
[TimeControl "180+2"]

1. e4 c5 2. Nf3 d6 3. Bb5+ Bd7 4. Bd3 Nc6 5. c3 a6 6. Bc2 b5 7. d4 c4 8. O-O
g6 9. Re1 Bg7 10. Nbd2 Nf6 11. Nf1 O-O 12. Ng3 Bg4 13. h3 Bxf3 14. Qxf3 h5
15. e5 dxe5 16. Qxc6 exd4 17. cxd4 Qxd4 18. Rxe7 Rfc8 19. Qf3 Nd5 20. Qxf7+
Kh8 21. Rd7 Rf8 22. Qxd5 Qxf2+ 23. Kh2 h4 24. Nh1 Qe2 25. Bxg6 Be5+ 26.
Qxe5+ Qxe5+ 27. Kg1 Qe1+ 28. Kh2 Rf1 29. Bh6 Rxh1# {White checkmated} 0-1

[Event "ICC tourney 2171 (3 2)"]
[Site "Internet Chess Club"]
[Date "2020.12.04"]
[Round "8"]
[White "Drachekokosnuss"]
[Black "stephenwilly"]
[Result "0-1"]
[ICCResult "White checkmated"]
[WhiteElo "1566"]
[BlackElo "1610"]
[Opening "Ruy Lopez: Berlin defense, Beverwijk variation"]
[ECO "C65"]
[NIC "RL.07"]
[Time "23:59:58"]
[TimeControl "180+2"]

1. e4 e5 2. Nf3 Nc6 3. Bb5 Nf6 4. O-O Bc5 5. Nxe5 Nxe5 6. d4 Nxe4 7. dxc5
O-O 8. Re1 Nxf2 9. Kxf2 Qh4+ 10. Kg1 d6 11. cxd6 Bg4 12. Qd2 cxd6 13. Qf2
Qh5 14. Bf4 Ng6 15. Bxd6 Qxb5 16. Bxf8 Rxf8 17. c3 f5 18. Na3 Qc6 19. Qe3 f4
20. Qe4 Qb6+ 21. Qd4 Qxb2 22. Nc4 Qc2 23. Qd5+ Kh8 24. Nd6 f3 25. Nf7+ Rxf7
26. Qxf7 Qxg2# {White checkmated} 0-1

[Event "ICC tourney 2171 (3 2)"]
[Site "Internet Chess Club"]
[Date "2020.12.04"]
[Round "8"]
[White "avocuddle"]
[Black "rishik99"]
[Result "1-0"]
[ICCResult "Black resigns"]
[WhiteElo "1437"]
[BlackElo "1245"]
[Opening "QGD: 4.Bg5 Nbd7"]
[ECO "D51"]
[NIC "QO.16"]
[Time "23:59:08"]
[TimeControl "180+2"]

1. d4 d5 2. c4 e6 3. Nc3 Nf6 4. Bg5 Nbd7 5. Nf3 Be7 6. e3 b6 7. Qc2 h6 8.
Bxf6 Nxf6 9. O-O-O Bb7 10. h4 Rc8 11. Ne5 c5 12. cxd5 exd5 13. Bb5+ Kf8 14.
g4 a6 15. Bd3 cxd4 16. exd4 Bd6 17. g5 Bxe5 18. dxe5 Ng4 19. Bf5 Nxf2 20.
Qxf2 Rc7 21. Kb1 Qe7 22. e6 d4 23. Qxd4 fxe6 24. Qd8+ Kf7 25. Qxh8 exf5 26.
Rhe1 Be4+ 27. Nxe4 fxe4 28. gxh6 gxh6 29. Qh7+ Ke8 30. Rxe4 Qxe4+ 31. Qxe4+
Re7 32. Qa8+ Kf7 33. Qxa6 Re1 34. Rxe1 {Black resigns} 1-0

[Event "ICC tourney 2171 (3 2)"]
[Site "Internet Chess Club"]
[Date "2020.12.04"]
[Round "8"]
[White "chessfidebullet"]
[Black "clair"]
[Result "1-0"]
[ICCResult "Black checkmated"]
[WhiteElo "1104"]
[BlackElo "1185"]
[Opening "Robatsch (modern) defense"]
[ECO "B06"]
[NIC "KF.06"]
[Time "23:59:10"]
[TimeControl "180+2"]

1. e4 g6 2. d3 Bg7 3. Bd2 e6 4. Nc3 Ne7 5. Qc1 h6 6. Nf3 a6 7. Be2 b5 8. b4
Bb7 9. d4 d5 10. e5 Nd7 11. a4 bxa4 12. Nxa4 Bc6 13. Nc3 Kf8 14. O-O Kg8 15.
Nh4 Kh7 16. Bd3 Nf5 17. Nxf5 exf5 18. Ne2 Qh4 19. Nf4 Rhe8 20. g3 Qd8 21. c4
dxc4 22. Qxc4 Nb8 23. Qxf7 Re7 24. Qxg6+ Kg8 25. Nh5 Qd5 26. Nf6+ Kf8 27.
Nxd5 Bxd5 28. Bxh6 Bxh6 29. Qxh6+ Rg7 30. Bxf5 c6 31. Qd6+ Kg8 32. Be6+ Kh8
33. Qf8+ Kh7 34. Bf5+ Kh6 35. Qh8+ Kg5 36. Qxg7+ Kxf5 37. Qf6+ Kg4 38. f3+
Kh5 39. g4# {Black checkmated} 1-0

[Event "ICC tourney 2171 (3 2)"]
[Site "Internet Chess Club"]
[Date "2020.12.04"]
[Round "8"]
[White "blackjack721"]
[Black "avbhosale"]
[Result "0-1"]
[ICCResult "White resigns"]
[WhiteElo "1188"]
[BlackElo "1221"]
[Opening "Queen's pawn: Chigorin variation"]
[ECO "D00"]
[NIC "QP.08"]
[Time "23:59:05"]
[TimeControl "180+2"]

1. d4 d5 2. Nc3 Nf6 3. Nf3 Nc6 4. e3 Bf5 5. Be2 Nb4 6. Bd3 Nxd3+ 7. cxd3 e6
8. Ne5 Bd6 9. f3 c5 10. O-O cxd4 11. exd4 O-O 12. g4 Bg6 13. Bg5 Qc7 14. f4
Rfe8 15. Bxf6 gxf6 16. f5 Bxe5 17. dxe5 exf5 18. gxf5 Bxf5 19. Rxf5 Qb6+ 20.
d4 fxe5 21. Qg4+ Kh8 22. Nxd5 Qxb2 23. Raf1 Rg8 24. Rg5 Rxg5 25. Qxg5 Rg8
26. Qxg8+ Kxg8 27. Nf6+ Kg7 28. Ne8+ Kf8 29. Nd6 Qxd4+ 30. Kg2 Qxd6 31. h4
Qd2+ 32. Rf2 Qh6 33. Kh3 Kg7 34. Rf5 Qe6 35. Kg4 Kg6 36. h5+ Kh6 37. a4 e4
38. Kf4 e3 39. Re5 Qxe5+ 40. Kxe5 e2 41. Kd6 Kxh5 42. Kc7 e1=Q 43. Kxb7 Qa5
44. Kc6 Qxa4+ 45. Kd6 Qd4+ 46. Ke7 Kg5 47. Kxf7 Qf6+ 48. Kg8 Qg6+ 49. Kh8
Qe6 50. Kg7 Qg8+ 51. Kxg8 h6 52. Kf7 h5 53. Ke6 h4 54. Kd6 h3 55. Kc6 a5 56.
Kb5 h2 57. Kxa5 h1=Q {White resigns} 0-1

[Event "ICC tourney 2171 (3 2)"]
[Site "Internet Chess Club"]
[Date "2020.12.04"]
[Round "8"]
[White "KRASAVCHIK"]
[Black "coolsportsguy"]
[Result "1-0"]
[ICCResult "Black checkmated"]
[WhiteElo "2961"]
[BlackElo "1676"]
[Opening "French: Tarrasch, open variation"]
[ECO "C07"]
[NIC "FR.18"]
[Time "23:59:58"]
[TimeControl "180+2"]

1. e4 e6 2. d4 d5 3. Nd2 c5 4. Ngf3 cxd4 5. Nxd4 Nc6 6. Bb5 Bd7 7. Nxc6 bxc6
8. Bd3 Bd6 9. Qe2 Ne7 10. Nf3 Qb8 11. e5 Bc7 12. O-O Ng6 13. Re1 O-O 14. h4
h6 15. h5 Ne7 16. c3 c5 17. Be3 Bb6 18. c4 d4 19. Bf4 Bc6 20. Nh2 Ba5 21.
Red1 f5 22. exf6 Qxf4 23. fxe7 Rf7 24. Ng4 Bc7 25. Qxe6 Bxg2 26. e8=Q+ Rxe8
27. Qxe8+ Rf8 28. Qe6+ Kh8 29. Kxg2 Qf3+ 30. Kg1 Rf4 31. Qe8+ Rf8 32. Qg6
Kg8 33. Nxh6+ Kh8 34. Qh7# {Black checkmated} 1-0

[Event "ICC tourney 2171 (3 2)"]
[Site "Internet Chess Club"]
[Date "2020.12.04"]
[Round "8"]
[White "CaptK"]
[Black "TjkTiger"]
[Result "0-1"]
[ICCResult "White resigns"]
[WhiteElo "2172"]
[BlackElo "2386"]
[Opening "Czech Benoni defense"]
[ECO "A56"]
[NIC "OI.05"]
[Time "23:59:58"]
[TimeControl "180+2"]

1. d4 Nf6 2. c4 c5 3. d5 e5 4. Nc3 d6 5. e4 Nbd7 6. g3 a6 7. a4 g6 8. Bg2
Bg7 9. Nf3 O-O 10. O-O Ne8 11. Ne1 f5 12. f4 Qe7 13. Nd3 exf4 14. Nxf4 Ne5
15. Qb3 Nf6 16. Bd2 fxe4 17. Nxe4 Nxe4 18. Bxe4 Kh8 19. Rae1 Bd7 20. a5 Rab8
21. Bc3 Rf7 22. Bxe5 Bxe5 23. Bxg6 Rg7 24. Bc2 Rbg8 25. Ng2 Qg5 26. Rf3 Bg4
27. Rff1 Bh3 28. Re2 Qh6 29. Rf3 Bg4 30. Rxe5 Bxf3 31. Re1 Bxg2 32. Kxg2
Qd2+ 33. Kf1 Rf8+ {White resigns} 0-1

[Event "ICC tourney 2171 (3 2)"]
[Site "Internet Chess Club"]
[Date "2020.12.04"]
[Round "8"]
[White "GGuseinov"]
[Black "Aleksandrov73"]
[Result "1/2-1/2"]
[ICCResult "Game drawn by mutual agreement"]
[WhiteElo "2755"]
[BlackElo "2229"]
[Opening "Ruy Lopez: exchange variation, 5.O-O"]
[ECO "C68"]
[NIC "RL.08"]
[Time "23:59:03"]
[TimeControl "180+2"]

1. e4 e5 2. Nf3 Nc6 3. Bb5 a6 4. Bxc6 dxc6 5. O-O Qf6 6. d4 exd4 7. Bg5 Qd6
8. Nxd4 Bd7 9. Nc3 Ne7 10. Be3 c5 11. Nde2 Qxd1 12. Raxd1 Ng6 13. Rd2 O-O-O
14. Rfd1 Bd6 15. Ng3 Rhe8 16. f3 b6 17. Kf2 Be5 18. h4 Nf8 19. Nd5 Kb7 20.
c4 Bxg3+ 21. Kxg3 Bc6 22. Kf2 a5 23. g4 a4 24. h5 h6 25. g5 hxg5 26. Bxg5
Ra8 27. h6 Ne6 28. Be3 gxh6 29. Nf6 Rh8 30. Rh1 Rad8 31. Rxd8 Nxd8 32. f4 h5
33. f5 h4 34. Bg5 b5 35. cxb5 Bxb5 36. Rxh4 Rxh4 37. Bxh4 Nc6 38. Nd7 Nb4
39. Nxc5+ Kc6 40. Be7 Nd3+ 41. Nxd3 Bxd3 42. Ke3 Bb1 43. a3 Bc2 44. Kd4 Bb3
45. Bb4 Kd7 46. Ke5 Ke8 47. Kf6 Kd7 48. e5 Bc4 49. Kg7 Ke8 50. Bc5 Bb3 51.
Bd4 Bc4 52. b4 axb3 53. a4 c5 54. Bc3 Kd7 55. a5 Kc6 56. Kf6 Kb5 57. e6 fxe6
58. fxe6 Bxe6 59. Kxe6 b2 60. Bxb2 Kxa5 {Game drawn by mutual agreement}
1/2-1/2

[Event "ICC tourney 2171 (3 2)"]
[Site "Internet Chess Club"]
[Date "2020.12.04"]
[Round "8"]
[White "Pugnacious"]
[Black "Shakhmatova"]
[Result "1-0"]
[ICCResult "Black checkmated"]
[WhiteElo "1675"]
[BlackElo "1528"]
[Opening "Trompowsky attack (Ruth, Opocenský opening)"]
[ECO "A45"]
[NIC "QP.07"]
[Time "23:59:18"]
[TimeControl "180+2"]

1. d4 Nf6 2. Bg5 g6 3. Nc3 Bg7 4. e4 d6 5. e5 dxe5 6. dxe5 Nfd7 7. f4 O-O 8.
Nf3 c6 9. Bc4 b5 10. Bb3 b4 11. Ne4 Re8 12. O-O Ba6 13. Re1 Qb6+ 14. Kh1 h6
15. Bh4 e6 16. Bf6 Bf8 17. Nd6 Nxf6 18. exf6 Rd8 19. c3 Rxd6 20. Qc2 Bd3 21.
Qc1 c5 22. Ne5 c4 23. Bxc4 Bf5 24. cxb4 Nd7 25. Qc3 Nxf6 26. Nxg6 Bg7 27.
Ne5 Rc8 28. Qg3 Rd4 29. Bb3 Nh5 30. Qh4 Nxf4 31. Qe7 Rc7 32. Qe8+ Kh7 33.
Nxf7 Bg6 34. Bxe6 Nxe6 35. Rxe6 Qxb4 36. Rxg6 Kxg6 37. Rf1 Bf6 38. Ne5+ Kg5
39. Qg6+ Kh4 40. Qxh6# {Black checkmated} 1-0

[Event "ICC tourney 2171 (3 2)"]
[Site "Internet Chess Club"]
[Date "2020.12.04"]
[Round "8"]
[White "abelMZ084"]
[Black "A4-H5"]
[Result "0-1"]
[ICCResult "White resigns"]
[WhiteElo "1288"]
[BlackElo "1771"]
[Opening "Queen's pawn game"]
[ECO "A46"]
[NIC "QP.06"]
[Time "23:59:09"]
[TimeControl "180+2"]

1. d4 Nf6 2. Nf3 c5 3. e3 g6 4. Bd3 Bg7 5. c3 O-O 6. Nbd2 d6 7. O-O Nc6 8.
Ne4 Bg4 9. h3 Nxe4 10. Bxe4 Bd7 11. Bc2 b6 12. d5 Nb8 13. e4 b5 14. Bf4 f6
15. Qd2 Rf7 16. Bh6 a5 17. Bxg7 Rxg7 18. Nh2 h5 19. f4 b4 20. Rae1 Qc7 21.
Nf3 a4 22. e5 a3 23. b3 bxc3 24. Qxc3 Bb5 25. Rf2 Na6 26. Nh4 Be8 27. exf6
exf6 28. Qxf6 Qd8 29. Qxd8 Rxd8 30. Re6 Bf7 31. Rf6 Kh7 32. f5 g5 33. Nf3
Nb4 34. Bb1 Nxd5 35. Rxd6 Rxd6 36. f6+ Rg6 37. Ne5 Rxf6 38. Rxf6 Nxf6 39.
Nxf7 Kg7 40. Bxg6 Kxg6 41. Nd6 Nd5 42. Nc4 Nb4 43. Nxa3 Nxa2 44. Kf2 Nc1 45.
Ke3 Nxb3 46. Kd3 Kf5 47. Kc4 Nd2+ 48. Kxc5 Kf4 49. Kd4 Kg3 50. Nc4 Nxc4 51.
Kxc4 Kxg2 52. Kd3 Kxh3 53. Ke4 g4 54. Ke3 g3 55. Kf3 g2 56. Kf2 Kh2
{White resigns}
0-1

[Event "ICC tourney 2171 (3 2)"]
[Site "Internet Chess Club"]
[Date "2020.12.04"]
[Round "8"]
[White "Kyle45"]
[Black "SicilianEnding"]
[Result "1-0"]
[ICCResult "Black resigns"]
[WhiteElo "1441"]
[BlackElo "1735"]
[Opening "Sicilian"]
[ECO "B50"]
[NIC "SI.01"]
[Time "23:59:02"]
[TimeControl "180+2"]

1. e4 c5 2. Nf3 d6 3. Nc3 Nf6 4. b3 g6 5. Bb2 Bg7 6. g3 O-O 7. Bg2 Nc6 8.
O-O Bg4 9. Qe1 Qd7 10. d3 Rac8 11. Ne2 Nb4 12. Qd2 Nxe4 13. dxe4 Bxb2 14.
Rab1 Bg7 15. e5 dxe5 16. Qxd7 Bxd7 17. Rfd1 Bf5 18. Rbc1 Nxc2 19. Nh4 Nd4
20. Nxd4 cxd4 21. Nxf5 gxf5 22. Bxb7 Rc7 23. Rxc7 Rd8 24. Rxe7 e4 25. a4 d3
26. b4 Bf6 27. Rc7 Bd4 28. b5 Bb6 29. Re7 Kf8 30. Re5 d2 31. Rxf5 Ba5 32.
Bxe4 Bc3 33. Rc5 Bb2 34. Rc2 Bc1 35. Rcxc1 dxc1=Q 36. Rxc1 Rd4 37. Rc8+ Kg7
38. Bc2 Rd2 39. Rc7 h6 40. a5 Kf6 41. b6 axb6 42. axb6 Rd6 43. b7 Rb6 44.
Be4 Ke5 45. Bh1 f5 46. Rc8 Rb1+ 47. Kg2 Rxb7 48. f4+ Kd4 49. Rd8+ Ke3 50.
Re8+ Kd4 51. Kh3 Rb1 52. Bf3 Rb3 53. Bh5 Rb6 54. Bf7 Rf6 55. Bh5 Rb6 56. Re5
Rf6 57. g4 fxg4+ 58. Kxg4 Rf8 59. Rf5 Rg8+ 60. Kh4 Ke4 61. Rf7 Rg2 62. Kh3
Rf2 63. Kg3 Rf1 64. Bg6+ Ke3 65. Re7+ Kd4 66. f5 Rg1+ 67. Kf2 Rh1 68. Kg2
Ra1 69. f6 Ra8 70. f7 Rf8 71. Re8 {Black resigns} 1-0

[Event "ICC tourney 2171 (3 2)"]
[Site "Internet Chess Club"]
[Date "2020.12.04"]
[Round "8"]
[White "DrKnight01"]
[Black "jaumevivesb"]
[Result "1/2-1/2"]
[ICCResult "Game drawn by repetition"]
[WhiteElo "1307"]
[BlackElo "1307"]
[Opening "Modern defense"]
[ECO "A40"]
[NIC "QO.17"]
[Time "23:59:27"]
[TimeControl "180+2"]

1. d4 g6 2. Nf3 Bg7 3. Nc3 c6 4. Bf4 d5 5. e3 Nf6 6. Bd3 Qb6 7. b3 Bg4 8.
O-O O-O 9. h3 Be6 10. Bg5 Nbd7 11. Ne5 Nxe5 12. dxe5 Nd7 13. Bxe7 Rfe8 14.
Bf6 Nxf6 15. exf6 Bxf6 16. f4 Bxc3 17. Rb1 Qxe3+ 18. Kh1 Bxh3 19. Rf3 Bxg2+
20. Kxg2 Qe6 21. Rh3 Qf6 22. Qf3 Bd2 23. f5 Re3 24. Qg4 Rxh3 25. Qxh3 Qg5+
26. Qg3 Qf6 27. fxg6 fxg6 28. Rh1 Re8 29. Qc7 Qg5+ 30. Qg3 Qf6 31. Qh2 Qf7
32. Qg3 Qf6 33. Qh2 Qf7 34. Qh6 Re7 35. Qh2 Re3 36. Qh4 Qf3+ 37. Kg1 Qf7 38.
Qh6 Re1+ 39. Kh2 Qf4+ 40. Qxf4 Bxf4+ 41. Kg2 Rxh1 42. Kxh1 b5 43. Kg2 Kf7
44. Kf3 Bd6 45. Ke3 Ke6 46. Kf3 Ke5 47. Kg4 Be7 48. Kf3 Kf6 49. Kf4 h5 50.
Kg3 Bd6+ 51. Kh4 Be7 52. Kg3 Ke5 53. Kh3 g5 54. Kg2 Kf4 55. Bg6 h4 56. Be8
c5 57. Bc6 d4 58. Bxb5 g4 59. Bd7 h3+ 60. Kg1 Bh4 61. a3 Be1 62. Be6 g3 63.
Bxh3 Ke3 64. Bf5 Kd2 65. Kg2 Bf2 66. Be4 Kc3 67. Bd3 a5 68. a4 Kd2 69. Be4
Kc3 70. Bd3 Kd2 71. Be4 Ke3 72. Bd3 Kf4 73. Bg6 Ke3 74. Bd3 Kd2 75. Bf5 Kc3
76. Bd3 {Game drawn by repetition} 1/2-1/2